 Dungeon Crawl Stone Soup version 0.20-a0-850-ge5a7832 (webtiles) character file.

215 krabocopter the Chopper (level 5, -1/48 HPs)
             Began as a Hill Orc Fighter on Mar 10, 2017.
             Was a Follower of Zin.
             Killed from afar by Shenda's ghost (9 damage)
             ... with a bolt of negative energy
             ... on level 4 of the Dungeon.
             The game lasted 00:06:27 (2238 turns).

krabocopter the Chopper (Hill Orc Fighter)          Turns: 2238, Time: 00:06:27

Health: -1/48      AC:  7    Str: 20    XL:     5   Next: 92%
Magic:  5/5        EV:  7    Int:  8    God:    Zin [*.....]
Gold:   166        SH:  9    Dex: 10    Spells: 4/4 levels left

rFire    . . .     SeeInvis .   a - +1 war axe
rCold    . . .     Gourm    .   b - +1 scale mail
rNeg     . . .     Faith    .   c - +0 shield
rPois    +         Spirit   .   (no helmet)
rElec    .         Reflect  .   (no cloak)
rCorr    .         Harm     .   (no gloves)
MR       .....     Rnd*Tele +   (no boots)
Stlth    ..........             (no amulet)
Regen    0.2/turn               l - ring of teleportation (curse)
MPRegen  0.1/turn               d - ring of poison resistance

@: drained
A: no striking features
a: Recite, Donate Gold, Renounce Religion


You were on level 4 of the Dungeon.
You worshipped Zin.
Zin was aware of your devotion.
You were not hungry.

You visited 1 branch of the dungeon, and saw 4 of its levels.

You collected 184 gold pieces.
You donated 18 gold pieces to Zin.

Inventory:

Hand Weapons
 a - a +1 war axe (weapon)
Armour
 b - a +1 scale mail (worn)
 c - a +0 shield (worn)
Magical Staves
 t - an uncursed staff of conjuration
Jewellery
 d - a ring of poison resistance (left hand)
 l - a cursed ring of teleportation (right hand)
Wands
 o - a wand of iceblast (15/15)
Scrolls
 h - a scroll of random uselessness {unknown}
 i - 5 scrolls of teleportation
 p - a scroll of fear {unknown}
Potions
 j - a potion of brilliance {unknown}
 n - a potion of agility {unknown}
Books
 e - a book of Callings

   Spells                             Type                      Level
   a - Summon Small Mammal            Summoning                    1
   b - Call Imp                       Summoning                    2
   c - Call Canine Familiar           Summoning                    3
   d - Summon Guardian Golem          Hexes/Summoning              3
   e - Summon Lightning Spire         Summoning/Air                4
   f - Summon Ice Beast               Ice/Summoning                4
Comestibles
 f - 4 bread rations
 k - 3 meat rations
 m - 3 chunks of flesh
 r - 2 royal jellies


   Skills:
 + Level 5.1(4.6) Fighting
 * Level 6.8(6.2) Axes
 - Level 3.2(2.8) Armour
 - Level 3.2(2.8) Shields


You had 4 spell levels left.
You didn't know any spells.

Dungeon Overview and Level Annotations

Branches:
Dungeon (4/15)
 Temple: D:4-7

Altars:
Kikubaaqudgha
Nemelex Xobeh
Uskayaw
Vehumet
Zin

Shops:
D:4 [

Annotations:
D:4 Shenda's ghost, novice DrCj


Message History

You feel better. The hound closely misses you.
Shenda's ghost barely misses you.
You regained 8 hp, and now have 13/48 hp.
You barely miss Shenda's ghost. You hit the hound.
The hound closely misses you.
Shenda's ghost points at you and mumbles some strange words.
The magic dart hits you!
* * * LOW HITPOINT WARNING * * *
You block the hound's attack.
Shenda's ghost hits you but does no damage.
You take 10 damage, and have 3/48 hp.
MASSIVE DAMAGE!!
Here: Shenda's ghost (heavily damaged)
The floor.
Unknown command.
You feel better. The hound bites you.
* * * LOW HITPOINT WARNING * * *
You block the hound's attack.
Shenda's ghost breathes negative energy at you.
The bolt of negative energy hits you!
You feel drained.
You die...

...... .∩....
.(....##### .......#..
.......(.# .........#
......hW.#
.....).@.#####
.............#### #
.......(......... ...
#####......##.######...
................#....
##############.#..# .
#.......# #....##.#.##
..##..#.#.####.≈


You could see a hound and Shenda's ghost.

Vanquished Creatures
  The ghost of Shenda the Conjurer, a weakling DrCj (D:3)
  Terence (D:3)
  6 adders
  2 oozes
  A worm (D:3)
  2 dart slugs (D:1)
  3 leopard geckos
  6 giant cockroaches
  5 goblins
  11 hobgoblins
  6 jackals
  11 kobolds
  A quokka (D:2)
  3 ball pythons
  9 bats
  7 frilled lizards
  3 rats (D:1)
78 creatures vanquished.

Notes
Turn   | Place    | Note
-------+----------+-------------------------------------------
     0 | D:1      | krabocopter the Hill Orc Fighter began the quest for the Orb.
     0 | D:1      | Reached XP level 1. HP: 19/19 MP: 1/1
   135 | D:1      | Reached skill level 3 in Axes
   204 | D:1      | Reached XP level 2. HP: 22/27 MP: 2/2
   338 | D:1      | Reached skill level 4 in Axes
   348 | D:1      | Reached XP level 3. HP: 23/33 MP: 3/3
  1186 | D:2      | Reached XP level 4. HP: 36/41 MP: 4/4
  1427 | D:2      | Found a hide-covered altar of Uskayaw.
  1438 | D:2      | Found an ancient bone altar of Kikubaaqudgha.
  1442 | D:2      | Reached skill level 5 in Axes
  1465 | D:2      | Found a radiant altar of Vehumet.
  1854 | D:3      | Noticed Shenda's ghost (weakling DrCj)
  1862 | D:3      | Killed Shenda's ghost
  1862 | D:3      | Reached XP level 5. HP: 39/47 MP: 5/5
  1886 | D:3      | Reached skill level 6 in Axes
  1896 | D:3      | Reached skill level 5 in Fighting
  1951 | D:3      | Noticed Terence
  1957 | D:3      | Killed Terence
  2198 | D:4      | Found a sparkling altar of Nemelex Xobeh.
  2199 | D:4      | Found a glowing silver altar of Zin.
  2205 | D:4      | Became a worshipper of Zin the Law-Giver
  2205 | D:4      | Reached * piety under Zin
  2224 | D:4      | Noticed Shenda's ghost (novice DrCj)
  2225 | D:4      | Found Peniy's Armour Boutique.
  2238 | D:4      | Killed from afar by Shenda's ghost

Vault maps used:
D:1:      kennysheep_arrival_seaside, minmay_distorted
D:2:      kennysheep_big_flooded_room, grunt_temple_overflow_diamond
D:3:      first_bread, uniq_terence
D:4:      gammafunk_temple_overflow_pools, minmay_temple_entry_mist,
          serial_shops, shop

Skill      XL: |  1  2  3  4  5 |
---------------+----------------+-----
Axes           | 3 4 5 6 |  6.8
Fighting       | 4 5 |  5.1
Armour         | |  3.2
Shields        | |  3.2

Action                   |  1- 3 |  4- 6 || total
-------------------------+-------+-------++-------
Melee: War axe           |   124 |   110 ||   234
  Use: Potion            |       |     4 ||     4
       Scroll            |       |     6 ||     6
  Eat: Chunk             |     1 |     4 ||     5
Armor: Scale mail        |    74 |    43 ||   117
Dodge: Dodged            |    44 |    37 ||    81
Block: Shield            |    75 |    61 ||   136
